 Dungeon Crawl Stone Soup version 0.26-a0-712-ga5a9c9c9d0 (webtiles) character file.

Game seed: 16768458153759772044

65 dmks the Insei (level 4, 0/29 HPs)
             Began as an Octopode Transmuter on Nov 10, 2020.
             Succumbed to an adder's poison
             ... on level 3 of the Dungeon.
             The game lasted 00:03:58 (1849 turns).

dmks the Insei (Octopode Transmuter)                Turns: 1849, Time: 00:03:58

Health: 0/29       AC:  1    Str:  9    XL:     4   Next: 13%
Magic:  7/7        EV: 13    Int: 15    God:
Gold:   88         SH:  0    Dex: 13    Spells: 6/7 levels left

rFire    . . .     SeeInvis .     - Unarmed
rCold    . . .     Faith    .   (no shield)
rNeg     . . .     Spirit   .   (helmet restricted)
rPois    .         Reflect  .   (no amulet)
rElec    .         Harm     .   (no ring)
rCorr    .         Rampage  .   (no ring)
MR       .....                  (no ring)
Stlth    +++.......             (no ring)
HPRegen  0.09/turn              (no ring)
MPRegen  0.10/turn              (no ring)
                                (no ring)
                                (no ring)

@: mighty, lethally poisoned (0 -> -2)
A: almost no armour, stealthy swim, amphibious, 8 rings, constrict 8, camouflage
1, gelatinous body 1
a: no special abilities


You were on level 3 of the Dungeon.
You visited 1 branch of the dungeon, and saw 3 of its levels.

You collected 88 gold pieces.

Inventory:

Scrolls
 a - a scroll of enchant weapon
 c - a scroll of fear


   Skills:
 + Level 1.7 Fighting
 - Level 2.0 Dodging
 + Level 1.9 Stealth
 * Level 3.7 Unarmed Combat
 + Level 2.3 Spellcasting
 + Level 2.5 Transmutations


You had 6 spell levels left.
You knew the following spells:

 Your Spells              Type           Power        Failure   Level
a - Beastly Appendage     Tmut           #.....       8%          1

Your spell library contained the following spells:

 Spells                   Type           Power        Failure   Level
 Wereblood                Tmut           #.......     12%         2
 Spider Form              Tmut/Pois      #.........   36%         3
 Ice Form                 Ice/Tmut       #.......     77%         4
 Blade Hands              Tmut           #.........   91%         5


Dungeon Overview and Level Annotations

Branches:
Dungeon (3/15)

Altars:
Elyvilon


Innate Abilities, Weirdness & Mutations

You cannot wear most types of armour.
You are very stealthy in the water. (Stealth+)
You are amphibious.
You can wear up to eight rings at the same time.
You can use your tentacles to constrict eight enemies at once.
Your skin changes colour to match your surroundings (Stealth+).
Your rubbery body absorbs attacks. (AC +1, EV +1)


Message History

The ufetubus hits you.
* * * LOW HITPOINT WARNING * * *
You bludgeon the ufetubus!
You kill the ufetubus!
As you read the scroll labeled RIF WAUFUIFI, it crumbles to dust.
It is a scroll of enchant weapon.
You aren't carrying any weapons that can be enchanted.
Your tentacle spike disappears.
* * * LOW HITPOINT WARNING * * *
You feel sick.
As you read the scroll labeled CIYREM HYCKIHU, it crumbles to dust.
It is a scroll of amnesia.
Really abort (and waste the scroll)? [Y]es or [N]o only, please.
Really abort (and waste the scroll)?
Okay, then.
You aren't carrying any potions.
As you read the scroll labeled JAJOSENTEN, it crumbles to dust.
It is a scroll of identify.
c - a scroll of fear
* * * LOW HITPOINT WARNING * * *
You feel sick.
Things that are here:
a +0 dagger; a goblin corpse
* * * LOW HITPOINT WARNING * * *
You feel sick.
You see here a leopard gecko corpse.
There is a lethal amount of poison in your body!
You see here 10 gold pieces.
* * * LOW HITPOINT WARNING * * *
You feel sick.
You see here a scroll of identify {@r1}.
* * * LOW HITPOINT WARNING * * *
You feel sick.
There is a stone staircase leading down here.
You climb downwards.
A worm, a hobgoblin and 4 gnolls come into view.
Found a ring mail, 20 stones and a jewelled fluorescent wand.
Found a white marble altar of Elyvilon.
Found a stone staircase leading down and a stone staircase leading up.
There is a stone staircase leading up here.
* * * LOW HITPOINT WARNING * * *
You feel sick.
The gnoll shouts! x2
The gnoll barely misses you.
The hobgoblin shouts!
You climb upwards.
There is a stone staircase leading down here.
You climb downwards.
You die...

#....# #....##
#.....#
#####g....#
#....g.g..+
#....<>...####
#......g.(....
#..[.w@.#
#....g..#
#........#
#.###...## #
≈...≈ ≈..♣..
r......
...♣._/♣.


You could see a worm, 4 gnolls, a hobgoblin and a neutral quokka (wandering).

Vanquished Creatures
  An adder (D:2)
  An ufetubus (D:2)
  A worm (D:2)
  2 dart slugs (D:1)
  A leopard gecko (D:2)
  6 bats (D:1)
  3 giant cockroaches
  5 goblins
  7 hobgoblins
  2 jackals (D:1)
  4 kobolds (D:1)
  2 frilled lizards
  5 rats
40 creatures vanquished.

Vanquished Creatures (others)
  3 plants (D:2)
3 creatures vanquished.

Grand Total: 43 creatures vanquished

Notes
Turn   | Place    | Note
-------+----------+-------------------------------------------
     0 | D:1      | dmks the Octopode Transmuter began the quest for the Orb.
     0 | D:1      | Reached XP level 1. HP: 13/13 MP: 3/3
   201 | D:1      | Reached XP level 2. HP: 5/18 MP: 3/5
   648 | D:1      | Reached skill level 1 in Stealth
  1019 | D:1      | Reached XP level 3. HP: 23/23 MP: 6/6
  1828 | D:2      | Reached XP level 4. HP: 11/29 MP: 5/7
  1842 | D:2      | HP: 1/29 [poisoned by an adder]
  1845 | D:3      | Found a white marble altar of Elyvilon.
  1849 | D:3      | Succumbed to an adder's poison

Illustrated notes

Levels and vault maps discovered:
D:1:      ebering_hopf_link, layout_basic, hangedman_abyss_or_decor_stabs,
          st_stairs_6
D:2:      layout_rooms, serial_bayou_ford_a
D:3:      layout_basic, elyvilon_altar_4

Skill      XL: |  1  2 |
---------------+-------+-----
Stealth        | 1 |  1.9
Fighting       | |  1.7
Dodging        | |  2.0
Unarmed Combat | |  3.7
Spellcasting   | |  2.3
Transmutations | |  2.5

Action                   |  1- 3 |  4- 6 || total
-------------------------+-------+-------++-------
Melee: Unarmed           |    78 |     2 ||    80
       Constrict         |    19 |       ||    19
       Tentacles         |    15 |       ||    15
       Kick              |     9 |       ||     9
       Punch             |     4 |       ||     4
 Cast: Beastly Appendage |     7 |       ||     7
  Use: Potion            |     1 |       ||     1
       Scroll            |       |     3 ||     3
 Stab: Sleeping          |     6 |       ||     6
Armor: Skin              |     6 |       ||     6
Dodge: Dodged            |    43 |     1 ||    44

Table legend: (Time is in decaauts)
 A = Elapsed time spent in this place.
 B = Non-inter-level travel time spent in this place.
 C = Inter-level travel time spent in this place.
 D = Time resting spent in this place.
 E = Time spent auto-exploring this place.
 F = Levels seen in this place.
 G = Mean time per level.
                   A        B        C        D        E       F      G
               +--------+--------+--------+--------+--------+-----+--------+
         Total |   1843 |   1807 |     36 |    587 |    952 |   3 |  614.3 |
       Dungeon |   1843 |   1807 |     36 |    587 |    952 |   3 |  614.3 |
               +--------+--------+--------+--------+--------+-----+--------+

Top non-repeatable levels by time:
     D:1: 1690 daAuts
     D:2: 152 daAuts
     D:3: 1 daAuts
